 Dungeon Crawl Stone Soup version 0.19.0-11-g3fc08b3 (webtiles) character file.

8115 mopl the Gouger (level 11, -5/46 HPs)
             Began as a Felid Abyssal Knight on Nov 9, 2016.
             Was a High Priest of Lugonu.
             Killed by divine providence
             ... invoked by an orc priest
              (17 damage)
             ... on level 2 of the Orcish Mines.
             The game lasted 00:46:44 (19765 turns).

mopl the Gouger (Felid Abyssal Knight)             Turns: 19765, Time: 00:46:45

Health: -5/46      AC:  2    Str:  6    XL:     11   Next: 5%
Magic:  27/27      EV: 21    Int: 15    God:    Lugonu [*****.]
Gold:   1454       SH:  4    Dex: 18    Spells: 4 memorised, 3 levels left
                                        Lives:  0   Deaths: 2

rFire  + . .     SeeInvis +       - Unarmed
rCold  . . .     Gourm    .     (armour unavailable)
rNeg   . . .     Faith    .     (shield unavailable)
rPois  +         Spirit   .     (helmet unavailable)
rElec  .         Reflect  .     (cloak unavailable)
rCorr  .         Harm     .     (gloves unavailable)
MR     +....                    (boots unavailable)
Stlth  ++++++....               (no amulet)
                                h - ring of poison resistance {=R}
                                p - ring of magical power

@: quick
A: no armour, no weapons or thrown items, stealth, claws 1, fangs 3, large bone
plates 1, see invisible, carnivore 3, fire resistance 1, speed 1, shaggy fur 2,
slow metabolism 1, weak 1, sharp paws
a: Depart the Abyss, Bend Space, Banish, Corrupt, Enter the Abyss, Renounce
Religion


You were on level 2 of the Orcish Mines.
You worshipped Lugonu.
Lugonu was extremely pleased with you.
You were completely stuffed.

You visited 3 branches of the dungeon, and saw 14 of its levels.
You visited the Abyss 1 time.

You collected 1454 gold pieces.

Inventory:

Jewellery
 e - an uncursed ring of resist corrosion
 h - a ring of poison resistance (right paw) {=R}
 n - an uncursed ring of positive energy
 p - a ring of magical power (left paw)
Wands
 u - a wand of confusion (31/48)
 C - a wand of enslavement (12/24)
 E - a wand of disintegration (8/24)
 K - a wand of acid (9/15)
 L - a wand of lightning (4/15)
 M - a wand of lightning (6/15)
 O - a wand of disintegration (11/24)
 R - a wand of random effects (15/48)
Scrolls
 b - 4 scrolls of remove curse
 c - 4 scrolls of teleportation {unknown}
 i - 2 scrolls of recharging {unknown}
 k - a scroll of fog {unknown}
 l - 3 scrolls of enchant armour {unknown}
 m - 4 scrolls of random uselessness {unknown}
 o - 4 scrolls of amnesia {unknown}
 q - 2 scrolls of immolation {unknown}
 s - 4 scrolls of blinking
 t - a scroll of vulnerability {unknown}
 v - 3 scrolls of magic mapping {unknown}
 y - 2 scrolls of fear {unknown}
 B - a scroll of holy word {unknown}
 F - a scroll of enchant weapon {unknown}
 H - a scroll of torment {unknown}
 N - a scroll of noise {unknown}
Potions
 f - 3 potions of lignification {!q}
 g - 5 potions of cure mutation {!q}
 j - 2 potions of curing
 r - 2 potions of might
 x - a potion of agility
 z - a potion of ambrosia
 D - a potion of cancellation
 J - a potion of flight
 P - a potion of beneficial mutation {unknown}
 S - a potion of haste {unknown}
Miscellaneous
 Q - a lamp of fire
Comestibles
 a - 8 meat rations


   Skills:
 + Level 4.5 Fighting
 + Level 5.7 Dodging
 + Level 12.0 Stealth
 * Level 12.1 Unarmed Combat
 - Level 3.0 Spellcasting
 - Level 10.0 Hexes
 + Level 5.4 Transmutations
 + Level 2.8 Earth Magic
 + Level 8.7 Invocations


You had 3 spell levels left.
You knew the following spells:

 Your Spells              Type           Power        Failure   Level  Hunger
a - Confusing Touch       Hex            ####..       1%          1    #......
b - Petrify               Tmut/Erth      ##......     41%         4    #####..
c - Confuse               Hex            ####....     1%          3    ###....
y - Yara's Violent Unrav  Hex/Tmut       ####......   28%         5    ######.


Dungeon Overview and Level Annotations

Branches:
Dungeon (11/15)            Temple (0/1) D:5            Lair (1/6) D:11
    Orc (2/2) D:9             Elf (0/3) Orc:2

Altars:
Ashenzari
Cheibriados
Dithmenos
Elyvilon
Fedhas
Kikubaaqudgha
Makhleb
Nemelex Xobeh
Qazlal
Ru
Trog
Vehumet
Xom
Zin
The Shining One

Shops:
Orc:1 %

Annotations:
Orc:1 Maurice
Orc:2 exclusion: upstairs


Innate Abilities, Weirdness & Mutations

You cannot wear armour.
You are incapable of wielding weapons or throwing items.
Your paws allow you to move quietly. (Stealth)
You have sharp claws.
You have razor-sharp teeth.
You have supernaturally acute eyesight. (SInv)
You are carnivorous and can eat meat at any time.
You cover ground quickly.
You are covered in thick fur. (AC +2)
You have a slow metabolism.
Your sharp claws are effective at attacking unaware monsters.
You are partially covered in large bone plates. (SH +4)
Your flesh is heat resistant. (rF+)
You are weak. (Str -2)


Message History

a ring mail; a short sword An orc priest comes into view.
It is wielding a mace of crushing.
The orc priest shouts! x2
You scratch the orc priest but do no damage.
The orc priest appears confused.
Your paws stop glowing.
The orc priest invokes the aid of Beogh against you.
Pain shoots through your body!
The orc priest hits itself but does no damage.
The orc priest suddenly complains, as Orcs often do.
The orc priest calls down the wrath of Beogh upon you.
Beogh smites you!
* * * LOW HITPOINT WARNING * * *
The orc priest looks satisfied for a moment.
Things that are here:
a dagger; a robe
There is a stone staircase leading up here.
The orc priest mumbles some strange prayers to Beogh against you.
Beogh smites you!
You die... ##..............[..# #..............[#### ##.#...........## #.. .. ####...........## #oo

. ##.#........[#.## #.#..##.
#...............# #.#..#..
##.........[[#.## #.#....##
##...........#.## #.#.....#.
###........[[.[@)[## #.#.o.o...
#........#...[)))..####.#...oo.#
##.........#..........##.##o.....
............##....)o.##...##.....
#..........##.[...)..#.....######
###........((..[[....o...........
##.......)([.....#......#.......
#........<...........#o.........
##.####........#.#.####[.o......


You could see 2 orc priests and an orc wizard.

Vanquished Creatures
  Harold (D:10)
  Erica (D:9)
  An orc high priest (Orc:2)
  Sonja (D:10)
  A hill giant (D:10)
  An orc sorcerer (Orc:2)
  A black mamba (Lair:1)
  3 spiny frogs (Lair:1)
  5 trolls
  3 blink frogs (Lair:1)
  2 hippogriffs
  Eustachio (D:4)
  7 yaks
  Grum (Lair:1)
  The ghost of PeterLawrence the Covered, an amateur MiFi (D:4)
  A hungry ghost (D:9)
  A warg (Orc:1)
  Edmund (D:4)
  A water moccasin (Lair:1)
  A porcupine (Lair:1)
  4 sky beasts
  2 eyes of draining (D:11)
  3 ice beasts
  10 ogres
  14 orc warriors
  A black bear (D:11)
  A necrophage (D:6)
  2 wolves (Lair:1)
  3 phantoms
  7 centaurs
  3 crocodiles
  2 big kobolds
  5 bullfrogs
  5 scorpions
  20 wights
  11 howler monkeys
  6 crimson imps
  4 jellies
  A quasit (D:6)
  20 orc priests
  5 hounds
  17 orc wizards
  2 bullfrog skeletons
  3 iguanas
  13 worker ants
  2 worker ant zombies
  A howler monkey zombie (D:7)
  4 gnolls (D:8)
  14 adders
  3 shadow imps
  An ooze (D:3)
  2 adder skeletons
  3 worms
  2 dart slugs
  7 leopard geckos
  62 orcs
  3 ball pythons
  10 bats
  4 giant cockroaches
  4 goblins
  4 hobgoblins
  9 jackals
  2 quokkas
  A frilled lizard (D:3)
  14 kobolds
  4 rats
355 creatures vanquished.

Vanquished Creatures (others)
  A hydra (D:11)
  2 orc high priests (Orc:2)
  3 orc sorcerers (Orc:2)
  An electric eel (Lair:1)
  A fungus (Lair:1)
8 creatures vanquished.

Grand Total: 363 creatures vanquished

Notes
Turn   | Place    | Note
-------+----------+-------------------------------------------
     0 | Abyss:1  | mopl the Felid Abyssal Knight began the quest for the Orb.
     0 | Abyss:1  | Reached XP level 1. HP: 10/10 MP: 3/3
    15 | Abyss:1  | Found an ancient bone altar of Kikubaaqudgha.
    59 | Abyss:1  | Noticed an ancient zyme
   226 | Abyss:1  | Noticed an ancient zyme
   278 | Abyss:1  | Noticed a raiju
   281 | Abyss:1  | Noticed a quasit
   283 | Abyss:1  | Noticed a tentacled starspawn
   283 | D:1      | Escaped the Abyss
   357 | D:1      | Reached skill level 2 in Invocations
   440 | D:1      | Reached skill level 1 in Stealth
   440 | D:1      | Reached XP level 2. HP: 14/14 MP: 4/4
   760 | D:1      | Reached * piety under Lugonu
  1086 | D:2      | Reached skill level 3 in Unarmed Combat
  1086 | D:2      | Reached XP level 3. HP: 13/17 MP: 5/5
  1181 | D:2      | Reached skill level 2 in Stealth
  1337 | D:2      | Found a white marble altar of Elyvilon.
  1374 | D:2      | Found a bloodstained altar of Trog.
  1449 | D:2      | Found a blossoming altar of Fedhas.
  1456 | D:2      | Found a sparkling altar of Nemelex Xobeh.
  1581 | D:3      | Reached XP level 4. HP: 21/21 MP: 6/6
  2619 | D:3      | Found a blossoming altar of Fedhas.
  2718 | D:4      | Reached skill level 3 in Stealth
  2718 | D:4      | Reached skill level 4 in Unarmed Combat
  2718 | D:4      | Reached XP level 5. HP: 11/24 MP: 8/8
  2919 | D:4      | Noticed Edmund
  2941 | D:4      | Found a shadowy altar of Dithmenos.
  2955 | D:4      | You fall through a shaft for 3 floors!
  2972 | D:7      | Found a white marble altar of Elyvilon.
  3067 | D:6      | Noticed a sky beast
  3160 | D:5      | Entered Level 5 of the Dungeon
  3306 | D:5      | Found a staircase to the Ecumenical Temple.
  3308 | D:5      | Reached ** piety under Lugonu
  3327 | D:5      | Reached skill level 3 in Invocations
  3516 | D:4      | Gained mutation: You are covered in thick fur. (AC +2) [Felid growth]
  3516 | D:4      | Reached XP level 6. HP: 28/28 MP: 9/9
  3537 | D:4      | Reached skill level 4 in Stealth
  3537 | D:4      | Reached skill level 5 in Unarmed Combat
  3579 | D:4      | Noticed PeterLawrence's ghost (amateur MiFi)
  3615 | D:4      | Noticed Eustachio
  3820 | D:4      | Found a snail-covered altar of Cheibriados.
  4694 | D:5      | Learned a level 1 spell: Confusing Touch
  4764 | D:5      | Reached skill level 5 in Stealth
  4764 | D:5      | Reached skill level 1 in Hexes
  4764 | D:5      | Reached XP level 7. HP: 31/31 MP: 10/10
  4834 | D:5      | Reached skill level 6 in Unarmed Combat
  4834 | D:5      | Reached skill level 4 in Invocations
  4961 | D:5      | Reached skill level 2 in Hexes
  5010 | D:5      | Learned a level 3 spell: Confuse
  5015 | D:5      | Found a shattered altar of Ashenzari.
  5037 | D:5      | Reached *** piety under Lugonu
  5097 | D:5      | Found a glowing golden altar of the Shining One.
  5295 | D:6      | Reached skill level 6 in Stealth
  5308 | D:6      | Reached skill level 3 in Hexes
  5459 | D:6      | Reached XP level 8. HP: 29/34 MP: 12/12
  5652 | D:6      | Reached skill level 7 in Unarmed Combat
  5683 | D:6      | Reached skill level 4 in Hexes
  6052 | D:7      | Reached skill level 5 in Invocations
  6275 | D:7      | Reached **** piety under Lugonu
  6287 | D:7      | Reached skill level 7 in Stealth
  6295 | D:7      | Reached skill level 5 in Hexes
  6330 | D:7      | Reached skill level 8 in Unarmed Combat
  6425 | D:7      | Reached XP level 9. HP: 26/37 MP: 14/14
  7393 | D:8      | Found an ancient bone altar of Kikubaaqudgha.
  7395 | D:8      | Found a sacrificial altar of Ru.
  7405 | D:8      | Reached skill level 6 in Hexes
  7619 | D:8      | Found a stormy altar of Qazlal.
  7645 | D:8      | Reached skill level 8 in Stealth
  7813 | D:8      | Reached skill level 6 in Invocations
  8079 | D:8      | Reached ***** piety under Lugonu
  8107 | D:8      | Reached skill level 9 in Unarmed Combat
  8809 | D:9      | Reached skill level 7 in Hexes
  9166 | D:9      | Found a glowing silver altar of Zin.
  9207 | D:9      | Found a staircase to the Orcish Mines.
  9572 | D:8      | Reached skill level 9 in Stealth
  9952 | D:9      | Found a radiant altar of Vehumet.
  9991 | D:9      | Reached XP level 10. HP: 42/42 MP: 16/16
 10116 | D:9      | Found a shimmering altar of Xom.
 10117 | D:9      | Found a burning altar of Makhleb.
 10211 | D:9      | Found a sacrificial altar of Ru.
 10402 | D:9      | Reached skill level 8 in Hexes
 10413 | D:9      | Learned a level 5 spell: Yara's Violent Unravelling
 10420 | D:10     | Entered Level 10 of the Dungeon
 10427 | D:10     | Noticed Sonja
 10436 | D:10     | Killed Sonja
 10436 | D:10     | Reached skill level 10 in Unarmed Combat
 10436 | D:10     | Reached skill level 1 in Spellcasting
 10436 | D:10     | Reached skill level 1 in Transmutations
 10436 | D:10     | Reached skill level 7 in Invocations
 10557 | D:10     | Noticed a hill giant
 10562 | D:10     | Killed a hill giant
 10666 | D:10     | Noticed Harold
 10749 | D:10     | Reached skill level 2 in Transmutations
 11113 | D:10     | Killed Harold
 11113 | D:10     | Reached skill level 10 in Stealth
 11113 | D:10     | Reached skill level 2 in Spellcasting
 11129 | D:10     | Reached skill level 9 in Hexes
 11479 | D:11     | Found a staircase to the Lair.
 11812 | D:11     | Reached skill level 3 in Transmutations
 11843 | D:11     | Learned a level 4 spell: Petrify
 12335 | D:11     | Reached XP level 11. HP: 30/45 MP: 17/17
 12750 | D:11     | Gained mutation: You are weak. (Str -2) [potion of mutation]
 12750 | D:11     | Gained mutation: You are partially covered in large bone plates. (SH +4) [potion of mutation]
 12750 | D:11     | Gained mutation: Your flesh is heat resistant. (rF+) [potion of mutation]
 13340 | D:11     | Slain by a yak
 13341 | D:11     | Reached XP level 10. HP: -1/42 MP: 25/25
 13398 | D:11     | Reached skill level 11 in Unarmed Combat
 13592 | Lair:1   | Entered Level 1 of the Lair of Beasts
 14192 | Lair:1   | Reached skill level 3 in Spellcasting
 14424 | Lair:1   | Noticed a spiny frog
 14466 | Lair:1   | Killed a spiny frog
 14473 | Lair:1   | Noticed a spiny frog
 14518 | Lair:1   | Killed a spiny frog
 14653 | Lair:1   | Reached skill level 8 in Invocations
 14707 | Lair:1   | Noticed Grum
 14766 | Lair:1   | Reached skill level 11 in Stealth
 14799 | Lair:1   | Killed Grum
 14799 | Lair:1   | Reached skill level 10 in Hexes
 14822 | Lair:1   | Reached skill level 1 in Earth Magic
 14928 | Lair:1   | Reached skill level 4 in Transmutations
 14995 | Lair:1   | Noticed a spiny frog
 15229 | Lair:1   | Killed a spiny frog
 15460 | Lair:1   | Noticed a black mamba
 15469 | Lair:1   | Killed a black mamba
 15691 | D:11     | Noticed an eight-headed hydra
 15691 | D:11     | Banished an eight-headed hydra
 15910 | Lair:1   | Reached skill level 4 in Dodging
 15910 | Lair:1   | Reached XP level 11. HP: 45/45 MP: 18/18
 16553 | D:4      | Killed Eustachio
 16609 | D:4      | Killed Edmund
 16895 | D:4      | Killed PeterLawrence's ghost
 17092 | Orc:1    | Entered Level 1 of the Orcish Mines
 17143 | D:9      | Reached skill level 2 in Earth Magic
 17155 | Orc:1    | Noticed Erica
 17209 | D:9      | Killed Erica
 17246 | Orc:1    | Found Ryosul's Food Shop.
 17418 | Orc:2    | Entered Level 2 of the Orcish Mines
 17418 | Orc:2    | Noticed an orc sorcerer
 17419 | Orc:2    | Paralysed by an orc sorcerer for 6 turns
 17424 | Orc:2    | Noticed a sun demon
 17426 | Orc:2    | Banished an orc sorcerer
 17429 | Orc:2    | Noticed an orc sorcerer
 17438 | Orc:2    | Noticed a sixfirhy
 17577 | Orc:2    | Banished an orc sorcerer
 17577 | Orc:2    | Reached skill level 4 in Fighting
 17606 | Orc:1    | Reached skill level 5 in Dodging
 17691 | Orc:2    | Found a shimmering altar of Xom.
 17963 | Orc:1    | Noticed Maurice
 18449 | Orc:2    | Reached skill level 5 in Transmutations
 18632 | Orc:2    | Found a staircase to the Elven Halls.
 18660 | Orc:2    | Noticed an orc high priest
 18753 | Orc:2    | Noticed an orc sorcerer
 18766 | Orc:2    | Killed an orc sorcerer
 18967 | Orc:2    | Noticed an orc high priest
 18974 | Orc:1    | Killed from afar by an orc priest
 18975 | Orc:1    | Reached XP level 10. HP: -5/43 MP: 24/26
 18995 | Orc:2    | Banished an orc high priest
 19240 | Orc:2    | Reached skill level 12 in Unarmed Combat
 19275 | Orc:2    | Noticed an orc sorcerer
 19303 | Orc:2    | Noticed an orc high priest
 19310 | Orc:2    | Killed an orc high priest
 19312 | Orc:2    | Banished an orc sorcerer
 19445 | Orc:2    | Reached XP level 11. HP: 46/46 MP: 18/18
 19464 | Orc:2    | Noticed an orc high priest
 19466 | Orc:2    | Banished an orc high priest
 19466 | Orc:2    | Reached skill level 12 in Stealth
 19765 | Orc:2    | Killed from afar by an orc priest

Skill      XL: |  1  2  3  4  5  6  7  8  9 10 11 |
---------------+----------------------------------+-----
Invocations    | 2 3 4 5 6 8 |  8.7
Stealth        | 1 2 3 5 6 7 9 11 12 | 12.0
Unarmed Combat | 3 4 5 6 8 9 12 | 12.1
Hexes          | 1 3 5 7 10 | 10.0
Spellcasting   | 3 |  3.0
Transmutations | 4 5 |  5.4
Earth Magic    | 1 2 |  2.8
Dodging        | 4 5 |  5.7
Fighting       | 4 |  4.5

Action                   |  1- 3 |  4- 6 |  7- 9 | 10-12 || total
-------------------------+-------+-------+-------+-------++-------
Melee: Unarmed           |    82 |   190 |   494 |   622 ||  1388
       Bite              |     9 |    16 |    53 |    62 ||   140
       Punch             |       |     4 |    17 |    33 ||    54
 Cast: Confusing Touch   |       |     1 |    56 |    93 ||   150
       Confuse           |       |       |     3 |    39 ||    42
Invok: Depart the Abyss  |     1 |       |       |       ||     1
       Banish            |       |       |       |     9 ||     9
Evoke: Wand              |       |       |     2 |     5 ||     7
       Lamp of fire      |       |       |       |     1 ||     1
  Use: Scroll            |     3 |     3 |     4 |     6 ||    16
       Potion            |       |       |     1 |     2 ||     3
 Stab: Sleeping          |     9 |    14 |     7 |    18 ||    48
       Distracted        |       |     2 |     2 |     1 ||     5
       Confused          |       |     1 |    38 |    72 ||   111
       Invisible         |       |       |       |     3 ||     3
       Paralysed         |       |       |       |     1 ||     1
  Eat: Chunk             |     8 |     6 |    15 |    41 ||    70
Armor: Skin              |     5 |     7 |    12 |     9 ||    33
Dodge: Dodged            |    74 |   108 |   257 |   265 ||   704
Block: Other             |       |       |       |    31 ||    31
